 Dungeon Crawl Stone Soup version 0.31.0-32-g396128a36d (webtiles) character file.

Game seed: 9688441477200282380

40710 Quercus the Devastator (level 13, 0/63 HPs)
             Began as a Deep Elf Conjurer on Apr 21, 2024.
             Was a High Priest of Sif Muna.
             Killed by an exploding ball lightning (28 damage)
             ... on level 4 of the Lair of Beasts.
             The game lasted 02:52:42 (18471 turns).

Quercus the Devastator (Deep Elf Conjurer)         Turns: 18471, Time: 02:52:42

Health: 0/63       AC: 10    Str:  4    XL:     13   Next: 76%
Magic:  21/51      EV: 12    Int: 35    God:    Sif Muna [*****.]
Gold:   617        SH:  0    Dex: 13    Spells: 9/41 levels left

rFire   + . .        a - +4 trident "Benkeone" {flame, rC+ MP+9}
rCold   + . .        (no shield)
rNeg    . . .        T - +2 robe {rF+}
rPois   .            i - +2 helmet
rElec   .            d - +1 cloak
rCorr   .            (no gloves)
SInv    .            X - +0 pair of boots
Will    +....        (no amulet)
Stlth   ++           l - +6 ring of intelligence
HPRegen 0.30/turn    Q - ring of magical power
MPRegen 0.32/turn

%: no passive effects
@: no status effects
A: no striking features
a: Renounce Religion, Channel Magic, Forget Spell, Divine Exegesis


You were on level 4 of the Lair of Beasts.
You worshipped Sif Muna.
Sif Muna was extremely pleased with you.
You visited 3 branches of the dungeon, and saw 15 of its levels.

You collected 701 gold pieces.
You spent 84 gold pieces at shops.

Inventory:

Hand Weapons
 a - the +4 trident "Benkeone" (weapon) {flame, rC+ MP+9}
   (You found it on level 7 of the Dungeon)

   rC+:       It protects you from cold.
   MP+9:      It affects your magic capacity (+9).
 x - a +1 dagger of venom
 R - a +3 scimitar of flaming
 S - a +5 long sword
 V - a +0 trident of holy wrath
Missiles
 f - 8 javelins
 q - 11 boomerangs
 r - 26 poisoned darts
 I - 2 throwing nets
Armour
 d - a +1 cloak (worn)
 i - a +2 helmet (worn)
 o - a +1 hat of willpower
 M - a scarf of shadows
 O - +0 steam dragon scales
 T - a +2 robe of fire resistance (worn)
 W - a +0 buckler
 X - a +0 pair of boots (worn)
 Y - a +0 troll leather armour
Magical Staves
 b - a staff of alchemy
Jewellery
 e - a +4 ring of protection
 l - a +6 ring of intelligence (left hand)
 H - a +6 ring of dexterity
 L - a ring of resist corrosion
 Q - a ring of magical power (right hand)
Wands
 s - a wand of digging (5)
 y - a wand of polymorph (25)
 E - a wand of mindburst (12)
 K - a wand of iceblast (10)
 U - a wand of flame (64)
Scrolls
 c - a scroll of enchant weapon
 g - a scroll of blinking
 j - 2 scrolls of immolation
 m - 3 scrolls of revelation
 u - a scroll of fear
 v - a scroll of torment
 A - a scroll of identify
 B - a scroll of noise
 J - 2 scrolls of fog
 P - 3 scrolls of teleportation
Potions
 h - 2 potions of ambrosia
 k - 4 potions of cancellation
 n - 4 potions of curing
 p - 2 potions of enlightenment {unknown}
 t - a potion of lignification
 w - 5 potions of resistance
 z - a potion of haste
 C - 4 potions of might
 D - a potion of berserk rage
 N - 2 potions of attraction {unknown}
 Z - 4 potions of mutation {unknown}


   Skills:
 - Level 2.4 Dodging
 - Level 2.4 Stealth
 + Level 14.9 Spellcasting
 - Level 16.0 Conjurations
 + Level 5.4 Hexes
 - Level 4.0 Translocations
 - Level 6.0 Ice Magic
 - Level 6.0 Air Magic
 - Level 6.0 Alchemy
 - Level 10.7 Invocations
 - Level 6.0 Evocations


You had 9 spell levels left.
You knew the following spells:

 Your Spells              Type           Power      Damage    Failure   Level
a - Magic Dart            Conj           100%       1d8       0%          1
b - Searing Ray           Conj           100%       2d8       0%          2
c - Iskenderun's Mystic   Conj/Tloc      77%        2d15      1%          4
d - Fulminant Prism       Conj/Alch      40%        3d19      1%          4
e - Blink                 Tloc           100%       N/A       1%          2
f - Olgreb's Toxic Radia  Alch           62%        N/A       1%          4
g - Mephitic Cloud        Conj/Alch/Air  75%        N/A       1%          3
h - Freezing Cloud        Conj/Ice/Air   37%        6-21      1%          5
i - Slow                  Hex            100%       N/A       1%          1
j - Conjure Ball Lightni  Conj/Air       40%        3x3d13    2%          6

Your spell library contained the following spells:

 Spells                   Type           Power      Damage    Failure   Level
 Sting                    Conj/Alch      100%       1d9       0%          1
 Apportation              Tloc           100%       N/A       1%          1
 Necrotise                Necr           100%       1d9       1%          1
 Summon Small Mammal      Summ           100%       N/A       1%          1
 Mercury Vapours          Alch/Air       100%       N/A       1%          2
 Confusing Touch          Hex            59%        N/A       1%          3
 Dazzling Flash           Conj/Hex       100%       N/A       1%          3
 Hailstorm                Conj/Ice       80%        3d13      1%          3
 Sigil of Binding         Hex            59%        N/A       1%          3
 Teleport Other           Tloc           52%        N/A       1%          3
 Vhi's Electric Charge    Tloc/Air       100%       N/A       1%          4
 Call Imp                 Summ           52%        N/A       2%          2
 Manifold Assault         Tloc           52%        N/A       3%          4
 Passage of Golubria      Tloc           52%        N/A       3%          4
 Vampiric Draining        Necr           26%        2d7       4%          3
 Silence                  Hex/Air        30%        N/A       4%          5
 Lehudib's Crystal Spear  Conj/Erth      35%        10d9      98%         8


Dungeon Overview and Level Annotations

Branches:
Dungeon (10/15)            Temple (1/1) D:4            Lair (4/5) D:9
  Swamp (0/4) Lair:3       Spider (0/4) Lair:3        Slime (0/5) Lair:4
    Orc (0/2) D:9

Altars:
Ashenzari
Cheibriados
Dithmenos
Elyvilon
Fedhas
Gozag
Hepliaklqana
Kikubaaqudgha
Makhleb
Nemelex Xobeh
Okawaru
Qazlal
Ru
Sif Muna
Trog
Uskayaw
Vehumet
Wu Jian
Xom
Yredelemnul
Zin
The Shining One
Jiyva

Shops:
D:4 :   D:5 :?   D:7 (*?*   D:8 (

Annotations:
D:6 exclusion: gargoyle
D:7 3 runed translucent doors, exclusion: 3 doors, xelsha's ghost, novice FoEE
D:8 1 runed translucent door, zurenarrh's ghost, novice FoEE
Lair:1 exclusion: downstairs


Message History

Aim: an elephant (freezing vapour, heavily wounded, chance to affect: 58%)
The ball explodes into a vile cloud!
The stinking cloud engulfs the elephant.
The elephant is heavily wounded.
The stinking cloud engulfs the elephant.
The elephant is severely wounded.
The elephant is engulfed in freezing vapours. x2
The elephant is engulfed in noxious fumes.
The elephant appears confused.
The elephant is engulfed in freezing vapours.
You see here an elephant corpse.
The elephant is engulfed in noxious fumes.
The elephant appears confused.
The elephant is engulfed in noxious fumes.
The elephant appears confused.
The elephant tramples the elephant!
The elephant holds its ground!
The elephant is killed!
Sif Muna accepts your kill.
Casting: Mephitic Cloud (safe; 1% risk of failure)
Confirm with . or Enter, or press ? or * to list all spells.
You create some ball lightning! 3 ball lightnings come into view.
The elephant is engulfed in freezing vapours.
Your ball lightning explodes!
The blast of lightning engulfs your ball lightning.
Your ball lightning completely resists.
The blast of lightning engulfs the elephant!!
The elephant is almost dead.
The blast of lightning engulfs you!!
The blast of lightning engulfs your ball lightning.
Your ball lightning completely resists.
The blast of lightning engulfs the plant!!
The plant begins to die.
The plant is lightly damaged.
The elephant is engulfed in freezing vapours.
Your ball lightning explodes!
The blast of lightning engulfs your ball lightning.
Your ball lightning completely resists.
The blast of lightning engulfs you!!
You die...

.<..÷........................#
###...###.##...#.#.#..##.###.#
# ##### ##..#####...### ### #
##.# ##)## # #..## #...# #
##..# ##.## # #.§## #.#### ##
#######.§.### #..#.##
.######.#...#.§*@.###.....###
....................P.......#
..##...#..#.####†Y#P..##.#..#
...#####.###.# #.############
..## #.. #####.# #.## #..#
#☼Y## #.P# #..# ##§°# #.##
#).# #§§# ...## #.## #.##


You could see 2 elephants and a friendly ball lightning.

Vanquished Creatures
  Gastronok (D:9)
  An alligator (Lair:3)
  2 hydras (Lair:4)
  Erica (D:8)
  A two-headed ogre (D:10)
  2 catoblepae (Lair:4)
  10 death yaks
  A skyshark (Lair:4)
  A wolf spider (Lair:1)
  Maurice (D:10)
  10 elephants
  A torpor snail (Lair:1)
  6 black mambas
  5 cane toads
  5 rime drakes
  A kobold demonologist (D:10)
  An unseen horror (D:7)
  7 komodo dragons
  Maggie (D:8)
  2 polar bears
  A troll (D:10)
  A hornet (Lair:3)
  Prince Ribbit (D:7)
  4 dream sheep (Lair:4)
  A shadow (D:9)
  Sigmund (D:3)
  A vampire (D:10)
  A wraith (D:10)
  38 yaks
  6 wyverns
  6 basilisks
  3 vampire mosquitoes (D:9)
  3 redbacks (Lair:3)
  Duvessa (D:7)
  7 water moccasins
  2 ice beasts (D:5)
  5 orc warriors
  3 black bears
  2 ogres
  2 sky beasts
  20 wolves
  A centaur (D:8)
  5 kobold brigands
  15 bullfrogs
  A gnoll sergeant (D:9)
  A scorpion (D:5)
  7 wights
  Dowan (D:7)
  9 killer bees (D:9)
  2 howler monkeys
  4 bombardier beetles
  2 hounds
  2 jellies (D:5)
  5 orc priests
  A gnoll bouda (D:5)
  3 sleepcaps
  3 iguanas
  13 orc wizards
  2 hound zombies (D:5)
  Robin (D:3)
  13 gnolls
  9 adders
  4 white imps
  2 dart slugs
  A ribbon worm (D:3)
  41 orcs
  8 bats (D:6)
  9 endoplasms
  3 giant cockroaches
  10 goblins
  15 hobgoblins
  19 kobolds
  4 quokkas
  4 ball pythons
  4 frilled lizards
  4 rats
397 creatures vanquished.

Vanquished Creatures (others)
  4 ball lightnings (Lair:4)
  84 fulminant prisms
88 creatures vanquished.

Grand Total: 485 creatures vanquished

Notes
Turn   | Place    | Note
-------+----------+-------------------------------------------
     0 | D:1      | Quercus the Deep Elf Conjurer began the quest for the Orb.
     0 | D:1      | Reached XP level 1. HP: 10/10 MP: 6/6
   221 | D:1      | Reached XP level 2. HP: 12/15 MP: 4/8
   258 | D:1      | Learned a level 2 spell: Searing Ray
   560 | D:1      | Found a faded altar of an unknown god.
  1142 | D:2      | Reached skill level 5 in Conjurations
  1159 | D:2      | Reached XP level 3. HP: 19/19 MP: 6/10
  1274 | D:2      | Reached XP level 4. HP: 19/24 MP: 2/12
  2038 | D:3      | Reached skill level 5 in Spellcasting
  2038 | D:3      | Reached skill level 1 in Translocations
  2072 | D:3      | Learned a level 4 spell: Iskenderun's Mystic Blast
  2077 | D:3      | Learned a level 4 spell: Fulminant Prism
  2165 | D:3      | Reached XP level 5. HP: 28/28 MP: 8/14
  2408 | D:3      | Noticed Robin
  2461 | D:3      | Found a glowing silver altar of Zin.
  2463 | D:3      | Noticed Sigmund
  2950 | D:3      | Killed Robin
  2951 | D:3      | Reached skill level 6 in Conjurations
  3117 | D:4      | Found Ynukk's Self-Improvement Boutique.
  3155 | D:4      | Found a staircase to the Ecumenical Temple.
  3164 | Temple   | Entered the Ecumenical Temple
  3185 | Temple   | Became a worshipper of Sif Muna the Loreminder
  3666 | D:4      | Found a snail-covered altar of Cheibriados.
  3811 | D:4      | Reached XP level 6. HP: 32/32 MP: 12/16
  4377 | D:5      | Entered Level 5 of the Dungeon
  4390 | D:5      | Reached * piety under Sif Muna
  4681 | D:5      | Reached XP level 7. HP: 36/36 MP: 9/18
  4776 | D:5      | Found a shadowy altar of Dithmenos.
  4891 | D:5      | Reached skill level 7 in Conjurations
  5012 | D:5      | Reached skill level 1 in Invocations
  5576 | D:5      | Reached XP level 8. HP: 41/41 MP: 14/21
  5617 | D:5      | Found a basalt altar of Yredelemnul.
  5659 | D:5      | Reached skill level 1 in Alchemy
  5717 | D:5      | Found Pecsoq's Magic Scroll Emporium.
  5722 | D:5      | Bought a scroll of identify for 28 gold pieces
  5722 | D:5      | Bought a scroll of fog for 56 gold pieces
  5777 | D:5      | Reached skill level 8 in Conjurations
  5806 | D:5      | Found Tyfealet's Book Shoppe.
  5833 | D:5      | Found a stormy altar of Qazlal.
  6486 | D:6      | Reached ** piety under Sif Muna
  6548 | D:6      | Found a burning altar of Makhleb.
  6720 | D:6      | Noticed a gargoyle
  6921 | D:6      | Learned a level 2 spell: Blink
  7117 | D:7      | Found Kidwof's General Store.
  7128 | D:7      | Identified a scroll of acquirement
  7271 | D:7      | Found an ancient bone altar of Kikubaaqudgha.
  7435 | D:7      | Noticed Prince Ribbit
  7442 | D:7      | Killed Prince Ribbit
  7443 | D:7      | Reached XP level 9. HP: 45/45 MP: 4/24
  7559 | D:7      | Found Laoluah's Antique Weapon Shoppe.
  7573 | D:7      | Learned a level 4 spell: Olgreb's Toxic Radiance
  7607 | D:7      | Reached skill level 9 in Conjurations
  7684 | D:7      | Identified the +4 trident "Benkeone" {flame, rC+ MP+9}
  7891 | D:7      | Found a runed translucent gate.
  7891 | D:7      | Found a runed translucent gate.
  7891 | D:7      | Found a runed translucent gate.
  7892 | D:7      | Noticed xelsha's ghost (novice FoEE)
  7952 | D:7      | Found Olyc's Assorted Antiques.
  8000 | D:7      | Noticed Dowan
  8008 | D:7      | Killed Dowan
  8011 | D:7      | Noticed Duvessa
  8029 | D:7      | Killed Duvessa
  8038 | D:7      | Reached skill level 5 in Invocations
  8171 | D:7      | Found Busytun's Magic Scroll Boutique.
  8188 | D:7      | Killed an unseen horror
  8278 | D:7      | Found a radiant altar of Vehumet.
  8949 | D:8      | Reached skill level 10 in Conjurations
  9007 | D:8      | Noticed Maggie
  9007 | D:8      | Noticed Erica
  9116 | D:8      | Found a blossoming altar of Fedhas.
  9131 | D:8      | Found a bloodstained altar of Trog.
  9138 | D:8      | Found a hide-covered altar of Uskayaw.
  9142 | D:8      | Found a white marble altar of Elyvilon.
  9218 | D:8      | Found a runed translucent door.
  9218 | D:8      | Noticed zurenarrh's ghost (novice FoEE)
  9218 | D:8      | Noticed a white ugly thing
  9319 | D:7      | Learned a level 3 spell: Mephitic Cloud
  9319 | D:7      | Acquired a staff of alchemy
  9378 | D:8      | Killed Maggie
  9380 | D:8      | Killed Erica
  9381 | D:8      | Reached skill level 5 in Alchemy
  9384 | D:8      | Reached XP level 10. HP: 50/50 MP: 0/25
  9919 | D:8      | Found Call's Antique Weapon Boutique.
  9976 | D:8      | Reached *** piety under Sif Muna
 10305 | D:8      | Reached skill level 11 in Conjurations
 10428 | D:8      | Reached skill level 1 in Ice Magic
 10744 | D:3      | Killed Sigmund
 11276 | D:9      | Reached **** piety under Sif Muna
 11425 | D:9      | Noticed Gastronok
 11426 | D:9      | Reached skill level 12 in Conjurations
 11460 | D:9      | Killed Gastronok
 11461 | D:9      | Reached skill level 10 in Invocations
 11461 | D:9      | Reached XP level 11. HP: 11/54 MP: 6/26
 11826 | D:9      | Found a staircase to the Lair.
 11875 | D:9      | Found a staircase to the Orcish Mines.
 12041 | D:10     | Entered Level 10 of the Dungeon
 12120 | D:10     | Noticed a two-headed ogre
 12126 | D:10     | Killed a two-headed ogre
 12127 | D:10     | Reached skill level 1 in Air Magic
 12254 | D:10     | Noticed Maurice
 12264 | D:10     | Killed Maurice
 12265 | D:10     | Reached skill level 5 in Ice Magic
 12397 | D:10     | Found a glowing golden altar of the Shining One.
 12683 | D:10     | Found an iron altar of Okawaru.
 12979 | D:10     | Learned a level 5 spell: Freezing Cloud
 12994 | Lair:1   | Entered Level 1 of the Lair of Beasts
 13023 | Lair:1   | Noticed a wolf spider
 13032 | Lair:1   | Killed a wolf spider
 13451 | Lair:1   | Reached skill level 13 in Conjurations
 13589 | Lair:1   | Reached ***** piety under Sif Muna
 13671 | Lair:1   | Reached skill level 10 in Spellcasting
 13766 | Lair:1   | Reached XP level 12. HP: 59/59 MP: 27/28
 14148 | Lair:1   | Received a gift from Sif Muna
 14149 | Lair:1   | Got Sif Muna's Verses on the Earthen Sixfirhy {god gift}
 14502 | Lair:2   | Noticed a death yak
 14502 | Lair:2   | Noticed a death yak
 14502 | Lair:2   | Noticed a death yak
 14502 | Lair:2   | Noticed a death yak
 14503 | Lair:2   | Noticed a death yak
 14541 | Lair:2   | Reached skill level 14 in Conjurations
 15195 | Lair:2   | Noticed a death yak
 15218 | Lair:2   | Killed a death yak
 15412 | Lair:2   | Killed a death yak
 15412 | Lair:2   | Killed a death yak
 15412 | Lair:2   | Killed a death yak
 15413 | Lair:2   | Reached skill level 15 in Conjurations
 15425 | Lair:2   | Killed a death yak
 15430 | Lair:2   | Killed a death yak
 15630 | Lair:2   | Learned a level 1 spell: Slow
 16073 | Lair:3   | Reached XP level 13. HP: 63/63 MP: 33/33
 16157 | Lair:3   | Found a staircase to the Swamp.
 16264 | Lair:3   | Reached skill level 16 in Conjurations
 16334 | Lair:3   | Learned a level 6 spell: Conjure Ball Lightning
 16405 | Lair:3   | Reached skill level 1 in Evocations
 16850 | Lair:3   | Reached skill level 5 in Air Magic
 16914 | Lair:3   | Found a hole to the Spider Nest.
 17487 | Lair:4   | Reached skill level 5 in Evocations
 17741 | Lair:4   | Reached skill level 1 in Hexes
 17923 | Lair:4   | Found a viscous altar of Jiyva.
 17924 | Lair:4   | Found a staircase to the Slime Pits.
 18463 | Lair:4   | Reached skill level 5 in Hexes
 18463 | Lair:4   | Received a gift from Sif Muna
 18464 | Lair:4   | Got Sif Muna's Collected Works on Location and Bolts {god
                  | gift}
 18471 | Lair:4   | Killed by an exploding ball lightning

Illustrated notes

Levels and vault maps discovered:
D:1:      tarquinn_simple_flora_water_b, layout_basic, serial_corexii_hall,
          chequers_hall_statues_wall_a, corexii_hall_statues_i,
          corexii_hall_statues_u, chequers_hall_statues_wall_a,
          shapermc_ecumenical_altar_pompeii, minmay_misc_feat_four_crosses,
          st_stairs_5
D:2:      layout_basic, minmay_small_reverse_x
D:3:      layout_rooms, old_standard_altar, kennysheep_generic_room_16,
          uniq_robin, uniq_sigmund
D:4:      layout_loops_corners, mainiacjoe_overflow_tiny_flanked,
          minmay_temple_entry_wispy, nicolae_shop_self_help
D:5:      layout_rooms, lemuel_zombie_altar_yredelemnul, grunt_dithmenos_smoke,
          nicolae_qazlal_beasts_of_the_sky, serial_shops, nicolae_shop_trees,
          nicolae_shop_hallway_plus, serial_aquarium, aquarium_bridge_square
          [aquarium_subvault_wall, aquarium_subvault_wall,
          aquarium_subvault_wall, aquarium_subvault_bridge],
          aquarium_bridge_long_joined [aquarium_subvault_bridge,
          aquarium_subvault_wall, aquarium_subvault_wall,
          aquarium_subvault_bridge, aquarium_subvault_wall,
          aquarium_subvault_bridge], aquarium_window_3, aquarium_window_1,
          aquarium_view_2f, st_stairs_11, lexackson_kobold_supper
D:6:      layout_rooms, bloody_makhleb, roderic_batcave,
          minmay_manual_monstrance
D:7:      layout_basic, marbit_many_paths, nicolae_kikubaaqudgha_miasma_corner,
          gammafunk_ghost_nasty_kobolds, serial_shops,
          nicolae_inconvenience_store, shop_statue, shop, shop,
          uniq_prince_ribbit1, uniq_duvessa
D:8:      layout_basic, minitemple, ebering_ghost_inner_flame, serial_shops,
          shop, uniq_maggie, uniq_erica
D:9:      layout_rooms, lair_entry_dummy, orc_0_dummy, uniq_gastronok
D:10:     layout_roguey, mainiacjoe_overflow_boulevard, tso_oasis_becter,
          uniq_maurice
Temple:   nicolae_temple_godpark
Lair:1:   layout_regular_city, nicolae_lair_run_with_the_wolves,
          grunt_megastairs_1, infiniplex_staircase_pool
Lair:2:   layout_gridlike, grunt_megastairs_5, infiniplex_staircase_pool_2
Lair:3:   layout_roguey, mainiacjoe_swamp_entry_lozenge_pond,
          spider_nest_entry_webs
Lair:4:   minmay_lair_oklob_chamber, layout_small_grid, slime_entry_1,
          kennysheep_basilisk_garden

Skill      XL: |  1  2  3  4  5  6  7  8  9 10 11 12 13 |
---------------+----------------------------------------+-----
Spellcasting   | 4 5 6 7 9 10 14 | 14.9
Conjurations   | 5 6 7 8 10 12 13 15 16 | 16.0
Translocations | 1 2 3 4 |  4.0
Invocations    | 2 4 7 10 | 10.7
Alchemy        | 4 5 6 |  6.0
Ice Magic      | 4 6 |  6.0
Air Magic      | 4 6 |  6.0
Evocations     | 6 |  6.0
Hexes          | 5 |  5.4
Dodging        | |  2.4
Stealth        | |  2.4

Action                     |  1- 3 |  4- 6 |  7- 9 | 10-12 | 13-15 || total
---------------------------+-------+-------+-------+-------+-------++-------
  Melee: Dagger            |       |     3 |    23 |       |       ||    26
         Punch             |       |       |     1 |       |       ||     1
         Trident           |       |       |       |    12 |     3 ||    15
   Cast: Magic Dart        |    31 |   102 |    75 |    25 |     5 ||   238
         Searing Ray       |     3 |    35 |    41 |    24 |     2 ||   105
         Iskenderun's Myst |       |       |    20 |    73 |    43 ||   136
         Fulminant Prism   |       |       |    21 |    53 |    10 ||    84
         Olgreb's Toxic Ra |       |       |     1 |    30 |    10 ||    41
         Mephitic Cloud    |       |       |     1 |     7 |     1 ||     9
         Blink             |       |       |       |     1 |       ||     1
         Freezing Cloud    |       |       |       |    23 |    30 ||    53
         Conjure Ball Ligh |       |       |       |       |     2 ||     2
 Invoke: Channel Magic     |       |       |       |     1 |       ||     1
    Use: Scroll            |     4 |     1 |    13 |     7 |       ||    25
         Potion            |       |       |     2 |     3 |       ||     5
   Stab: Sleeping          |       |     3 |       |       |       ||     3
 Armour: Robe              |     4 |    15 |    40 |    52 |    12 ||   123
         Steam dragon scal |       |       |       |     2 |       ||     2
         Skin              |       |       |       |     1 |       ||     1
  Dodge: Dodged            |     1 |    11 |    42 |    53 |     4 ||   111
